[ AOE2 MATCH · #464248960 ]
UnrankedFranks vs Koreans
[ REPLAY ANALYSIS · EXTRACTED FROM THE RECORDED GAME ]
Feudal
—
Castle
—
Imperial
—
| APM avg | 40.5 |
| APM peak | 81 |
| eAPM avg | 18.5 |
| Villagers / military | 91 / 118 |
Focus
⚔️ 36.4% · 🌾 63.6%
Knight ×95 · Scout Cavalry ×18 · Battering Ram ×4 · Monk ×1
Feudal
11:13
Castle
25:05
Imperial
—
| APM avg | 15.4 |
| APM peak | 50 |
| eAPM avg | 9.3 |
| Villagers / military | 53 / 64 |
Focus
⚔️ 29.1% · 🌾 70.9%
Skirmisher ×33 · Spearman ×25 · Knight ×4 · Monk ×1 · War Wagon ×1
Feudal
11:38
Castle
20:35
Imperial
—
| APM avg | 24.8 |
| APM peak | 61 |
| eAPM avg | 12.7 |
| Villagers / military | 73 / 70 |
Focus
⚔️ 19.7% · 🌾 80.3%
Archer ×46 · Spearman ×18 · Eagle Scout ×3 · Battering Ram ×3
Feudal
12:09
Castle
24:13
Imperial
—
| APM avg | 10.9 |
| APM peak | 32 |
| eAPM avg | 7.9 |
| Villagers / military | 62 / 28 |
Focus
⚔️ 22.1% · 🌾 77.9%
Longbowman ×16 · Scout Cavalry ×8 · Knight ×4
Match map
Initial resources + every placement click. Lines = walls · curves = elevation contours. ◆ gold · ⬟ stone · ● berries · ✦ relic · ◌ wall gap
Your base· ✓ Map-separated
bad poetry, oh noetry!'s base· ✓ Map-separated
K.T.'s base· ✓ Map-separated
Bel1cev's base· ✓ Map-separated
Smoothed initial terrain · ◌ = detected wall gap · hover for details
Inputs per minute
— Akiditya - - bad poetry, oh noetry!
Build order — Akiditya
First 150 of 240 actions detected
| 0:04 | Create | Villager (Male) |
| 0:04 | Create | Villager (Male) |
| 0:04 | Create | Villager (Male) |
| 0:05 | Create | Villager (Male) |
| 0:06 | Build | House |
| 0:07 | Build | House |
| 2:04 | Create | Villager (Male) |
| 2:04 | Create | Villager (Male) |
| 2:25 | Create | Villager (Male) |
| 2:25 | Create | Villager (Male) |
| 2:35 | Create | Villager (Male) |
| 2:36 | Create | Villager (Male) |
| 2:55 | Create | Villager (Male) |
| 2:55 | Create | Villager (Male) |
| 3:28 | Build | Lumber Camp |
| 4:12 | Create | Villager (Male) |
| 4:12 | Create | Villager (Male) |
| 4:12 | Create | Villager (Male) |
| 4:12 | Create | Villager (Male) |
| 4:12 | Create | Villager (Male) |
| 4:19 | Build | Lumber Camp |
| 4:25 | Research | Loom |
| 4:44 | Create | Villager (Male) |
| 4:44 | Create | Villager (Male) |
| 5:06 | Build | House |
| 5:17 | Research | Loom |
| 5:33 | Create | Villager (Male) |
| 5:34 | Create | Villager (Male) |
| 5:34 | Create | Villager (Male) |
| 5:45 | Build | House |
| 6:42 | Build | Mill |
| 7:06 | Create | Villager (Male) |
| 7:40 | Build | Farm |
| 7:42 | Create | Villager (Male) |
| 7:44 | Research | Feudal Age |
| 7:44 | Research | Feudal Age |
| 8:21 | Create | Villager (Male) |
| 8:21 | Create | Villager (Male) |
| 9:14 | Build | Barracks |
| 9:34 | Build | Farm |
| 10:01 | Create | Villager (Male) |
| 10:02 | Create | Villager (Male) |
| 10:28 | Create | Villager (Male) |
| 10:54 | Build | Stable |
| 11:06 | Create | Villager (Male) |
| 11:28 | Build | House |
| 11:32 | Build | House |
| 11:34 | Build | House |
| 11:39 | Create | Scout Cavalry |
| 11:39 | Create | Scout Cavalry |
| 11:39 | Create | Scout Cavalry |
| 11:58 | Research | Town Watch |
| 12:09 | Create | Villager (Male) |
| 12:31 | Build | Lumber Camp |
| 12:38 | Create | Scout Cavalry |
| 12:56 | Create | Villager (Male) |
| 13:00 | Research | Double-Bit Axe |
| 13:04 | Research | Wheelbarrow |
| 13:05 | Create | Villager (Male) |
| 13:06 | Create | Villager (Male) |
| 13:18 | Build | Farm |
| 14:07 | Create | Villager (Male) |
| 14:12 | Build | Farm |
| 14:12 | Build | Farm |
| 14:12 | Build | Farm |
| 14:12 | Build | Farm |
| 14:12 | Build | Farm |
| 14:14 | Create | Villager (Male) |
| 14:36 | Build | Blacksmith |
| 15:48 | Build | House |
| 15:50 | Build | House |
| 16:00 | Create | Villager (Male) |
| 16:00 | Create | Villager (Male) |
| 16:00 | Create | Villager (Male) |
| 16:01 | Create | Villager (Male) |
| 16:03 | Build | Farm |
| 16:04 | Build | Farm |
| 16:04 | Build | Farm |
| 16:04 | Build | Farm |
| 16:05 | Build | Farm |
| 16:09 | Create | Villager (Male) |
| 16:09 | Create | Villager (Male) |
| 16:21 | Research | Scale Barding Armor |
| 16:22 | Research | Forging |
| 16:48 | Create | Scout Cavalry |
| 16:48 | Create | Scout Cavalry |
| 17:01 | Build | Farm |
| 17:03 | Build | Farm |
| 17:04 | Build | Farm |
| 17:14 | Build | Mining Camp |
| 17:23 | Create | Scout Cavalry |
| 17:58 | Build | Archery Range |
| 18:06 | Build | Stable |
| 18:31 | Create | Scout Cavalry |
| 18:38 | Create | Scout Cavalry |
| 18:45 | Create | Scout Cavalry |
| 19:03 | Create | Scout Cavalry |
| 19:07 | Build | Farm |
| 19:10 | Build | Farm |
| 19:11 | Create | Villager (Male) |
| 19:12 | Create | Villager (Male) |
| 19:19 | Research | Gold Mining |
| 19:47 | Create | Villager (Male) |
| 19:51 | Create | Villager (Male) |
| 20:43 | Create | Scout Cavalry |
| 20:54 | Create | Villager (Male) |
| 20:54 | Create | Villager (Male) |
| 20:55 | Create | Villager (Male) |
| 21:39 | Create | Scout Cavalry |
| 21:39 | Create | Scout Cavalry |
| 21:40 | Create | Scout Cavalry |
| 21:41 | Create | Scout Cavalry |
| 21:48 | Create | Villager (Male) |
| 21:51 | Build | Farm |
| 21:54 | Build | Farm |
| 22:01 | Build | Farm |
| 22:06 | Build | House |
| 22:08 | Build | House |
| 22:28 | Create | Scout Cavalry |
| 22:28 | Create | Scout Cavalry |
| 22:35 | Research | Castle Age |
| 22:36 | Research | Castle Age |
| 22:58 | Build | House |
| 22:59 | Build | House |
| 23:17 | Create | Villager (Male) |
| 23:18 | Create | Villager (Male) |
| 25:19 | Research | Chain Barding Armor |
| 25:20 | Research | Iron Casting |
| 25:23 | Research | Husbandry |
| 25:28 | Build | Town Center |
| 25:36 | Create | Villager (Male) |
| 25:36 | Create | Villager (Male) |
| 26:24 | Create | Villager (Male) |
| 26:34 | Create | Knight |
| 26:35 | Create | Knight ×5 |
| 26:35 | Create | Knight ×5 |
| 26:35 | Create | Knight ×5 |
| 26:35 | Create | Knight ×5 |
| 26:36 | Create | Knight ×2 |
| 26:49 | Create | Knight |
| 26:50 | Create | Knight |
| 26:55 | Create | Villager (Male) |
| 26:55 | Create | Villager (Male) |
| 26:59 | Create | Knight |
| 27:00 | Create | Knight |
| 27:19 | Research | Bow Saw |
| 27:20 | Create | Knight |
| 27:21 | Create | Knight |
| 27:23 | Create | Villager (Male) |
| 27:30 | Create | Villager (Male) |
Build order — bad poetry, oh noetry!
First 150 of 187 actions detected
| 0:01 | Create | Villager (Male) |
| 0:02 | Create | Villager (Male) |
| 0:02 | Create | Villager (Male) |
| 0:04 | Build | House |
| 0:31 | Create | Villager (Male) |
| 1:31 | Create | Villager (Male) |
| 1:59 | Build | Lumber Camp |
| 2:12 | Create | Villager (Male) |
| 2:14 | Create | Villager (Male) |
| 2:23 | Build | House |
| 3:07 | Create | Villager (Male) |
| 3:34 | Create | Villager (Male) |
| 3:36 | Create | Villager (Male) |
| 3:43 | Build | Mill |
| 4:15 | Research | Loom |
| 4:31 | Create | Villager (Male) |
| 4:59 | Build | House |
| 5:31 | Create | Villager (Male) |
| 6:13 | Create | Villager (Male) |
| 6:14 | Create | Villager (Male) |
| 7:03 | Create | Villager (Male) |
| 7:33 | Build | Mill |
| 7:46 | Build | Mining Camp |
| 7:50 | Create | Villager (Male) |
| 9:03 | Research | Feudal Age |
| 10:20 | Build | Barracks |
| 10:26 | Create | Villager (Male) |
| 10:27 | Create | Villager (Male) |
| 10:28 | Create | Villager (Male) |
| 10:53 | Build | House |
| 11:13 | Age | Feudal Age |
| 11:41 | Build | Archery Range |
| 11:56 | Build | House |
| 12:10 | Create | Villager (Male) |
| 12:10 | Create | Villager (Male) |
| 12:23 | Create | Spearman |
| 12:26 | Create | Spearman |
| 12:35 | Create | Skirmisher |
| 12:36 | Create | Skirmisher |
| 12:58 | Create | Villager (Male) |
| 12:59 | Create | Villager (Male) |
| 12:59 | Create | Villager (Male) |
| 13:03 | Create | Skirmisher |
| 13:04 | Create | Skirmisher |
| 13:04 | Create | Skirmisher |
| 13:07 | Create | Spearman |
| 13:08 | Create | Spearman |
| 13:20 | Create | Skirmisher |
| 13:29 | Build | House |
| 13:55 | Create | Skirmisher |
| 14:02 | Build | House |
| 14:03 | Build | House |
| 14:04 | Build | House |
| 14:05 | Build | House |
| 14:17 | Create | Villager (Male) |
| 14:18 | Create | Villager (Male) |
| 14:31 | Build | Mining Camp |
| 14:43 | Create | Villager (Male) |
| 14:50 | Create | Skirmisher |
| 14:51 | Create | Skirmisher |
| 15:01 | Create | Villager (Male) |
| 15:12 | Build | Blacksmith |
| 15:25 | Create | Skirmisher |
| 15:29 | Create | Spearman |
| 15:36 | Build | Farm |
| 15:37 | Build | Farm |
| 16:06 | Build | Farm |
| 16:07 | Build | Farm |
| 16:46 | Build | Farm |
| 17:02 | Build | Watch Tower |
| 17:45 | Build | Watch Tower |
| 17:55 | Create | Villager (Male) |
| 17:56 | Create | Villager (Male) |
| 18:03 | Build | Farm |
| 18:04 | Build | Farm |
| 18:04 | Build | Farm |
| 18:05 | Build | Farm |
| 18:07 | Build | Farm |
| 18:07 | Build | Farm |
| 18:59 | Create | Spearman |
| 19:00 | Create | Spearman |
| 19:00 | Create | Spearman |
| 19:01 | Create | Spearman |
| 19:05 | Create | Villager (Male) |
| 19:06 | Create | Villager (Male) |
| 19:26 | Research | Fletching |
| 19:28 | Create | Skirmisher |
| 19:29 | Create | Skirmisher |
| 19:41 | Build | Farm |
| 19:43 | Build | Farm |
| 19:44 | Build | Farm |
| 20:11 | Create | Spearman |
| 20:12 | Create | Spearman |
| 21:21 | Create | Skirmisher |
| 21:22 | Create | Skirmisher |
| 21:22 | Create | Skirmisher |
| 22:01 | Build | Lumber Camp |
| 22:25 | Research | Castle Age |
| 22:48 | Build | Watch Tower |
| 23:29 | Create | Villager (Male) |
| 23:30 | Create | Villager (Male) |
| 23:35 | Create | Villager (Male) |
| 23:35 | Create | Villager (Male) |
| 23:45 | Create | Skirmisher |
| 23:45 | Create | Skirmisher |
| 23:46 | Create | Skirmisher |
| 23:53 | Build | Archery Range |
| 24:34 | Create | Spearman |
| 24:34 | Create | Spearman |
| 25:05 | Age | Castle Age |
| 25:11 | Create | Spearman |
| 25:11 | Create | Spearman |
| 25:12 | Create | Spearman |
| 25:35 | Create | Skirmisher |
| 25:36 | Create | Skirmisher |
| 25:37 | Create | Skirmisher |
| 25:38 | Research | Elite Skirmisher (upgrade) |
| 25:50 | Create | Villager (Male) |
| 26:50 | Create | Spearman |
| 26:52 | Create | Spearman |
| 26:52 | Create | Spearman |
| 26:53 | Create | Spearman |
| 26:54 | Create | Spearman |
| 26:54 | Create | Spearman |
| 27:00 | Create | Skirmisher |
| 27:01 | Create | Skirmisher |
| 27:01 | Create | Skirmisher |
| 27:02 | Create | Skirmisher |
| 27:02 | Create | Skirmisher |
| 27:03 | Create | Skirmisher |
| 27:12 | Research | Bodkin Arrow |
| 27:16 | Create | Villager (Male) |
| 27:17 | Create | Villager (Male) |
| 27:39 | Research | Horse Collar |
| 27:47 | Build | House |
| 28:12 | Build | House |
| 28:13 | Build | House |
| 28:13 | Build | House |
| 28:14 | Build | House |
| 28:15 | Build | House |
| 28:22 | Create | Villager (Male) |
| 28:22 | Create | Villager (Male) |
| 29:12 | Build | Castle |
| 29:35 | Create | Spearman |
| 29:36 | Create | Spearman |
| 29:36 | Create | Spearman |
| 29:39 | Research | Pikeman (upgrade) |
| 30:04 | Create | Villager (Male) |
| 30:04 | Create | Villager (Male) |
| 30:26 | Build | Town Center |
Build order — K.T.
First 150 of 193 actions detected
| 0:01 | Research | Loom |
| 0:01 | Create | Villager (Male) ×3 |
| 0:02 | Build | House |
| 0:04 | Build | House |
| 0:06 | Build | House |
| 1:21 | Create | Villager (Male) |
| 1:22 | Create | Villager (Male) |
| 2:07 | Create | Villager (Male) |
| 3:09 | Create | Villager (Male) ×4 |
| 3:14 | Build | Lumber Camp |
| 4:17 | Create | Villager (Male) ×2 |
| 4:41 | Create | Villager (Male) |
| 4:53 | Build | House |
| 4:55 | Build | House |
| 5:28 | Create | Villager (Male) |
| 5:29 | Create | Villager (Male) |
| 5:29 | Create | Villager (Male) |
| 5:29 | Create | Villager (Male) |
| 6:45 | Build | Mill |
| 7:23 | Create | Villager (Male) |
| 7:23 | Create | Villager (Male) |
| 7:26 | Create | Villager (Male) |
| 8:00 | Create | Villager (Male) |
| 8:02 | Create | Villager (Male) |
| 8:19 | Build | Mining Camp |
| 8:28 | Build | Mill |
| 9:26 | Research | Feudal Age |
| 10:32 | Build | Barracks |
| 10:49 | Create | Villager (Male) |
| 10:49 | Create | Villager (Male) |
| 11:38 | Age | Feudal Age |
| 11:41 | Build | Archery Range |
| 11:45 | Build | Archery Range |
| 11:51 | Research | Double-Bit Axe |
| 11:58 | Create | Villager (Male) |
| 12:21 | Build | Lumber Camp |
| 12:24 | Create | Villager (Male) |
| 12:34 | Create | Archer ×2 |
| 12:53 | Create | Archer ×3 |
| 12:57 | Build | House |
| 12:58 | Build | House |
| 13:04 | Research | Town Watch |
| 13:22 | Build | House |
| 13:23 | Build | House |
| 13:24 | Build | House |
| 13:28 | Create | Villager (Male) |
| 13:41 | Create | Villager (Male) |
| 13:54 | Build | Blacksmith |
| 13:56 | Create | Villager (Male) |
| 14:07 | Create | Archer ×2 |
| 14:17 | Create | Archer |
| 14:17 | Create | Archer |
| 14:47 | Research | Fletching |
| 14:53 | Build | Farm |
| 14:54 | Build | Farm |
| 14:55 | Build | Farm |
| 14:58 | Build | Farm |
| 15:05 | Create | Villager (Male) |
| 15:05 | Create | Villager (Male) |
| 15:37 | Build | Farm |
| 15:39 | Build | Farm |
| 15:42 | Build | Farm |
| 15:45 | Build | Farm |
| 15:47 | Create | Villager (Male) |
| 17:08 | Build | Farm |
| 17:10 | Build | Farm |
| 17:52 | Build | House |
| 17:55 | Research | Castle Age |
| 18:38 | Create | Archer ×2 |
| 18:38 | Create | Archer ×2 |
| 18:45 | Research | Gold Mining |
| 18:47 | Research | Stone Mining |
| 19:37 | Create | Archer ×2 |
| 19:37 | Create | Archer ×2 |
| 20:01 | Create | Eagle Scout |
| 20:01 | Create | Eagle Scout |
| 20:35 | Age | Castle Age |
| 20:50 | Research | Crossbowman (upgrade) |
| 20:51 | Research | Thumb Ring |
| 21:51 | Create | Archer ×4 |
| 21:58 | Build | Town Center |
| 22:02 | Create | Villager (Male) |
| 22:03 | Create | Villager (Male) |
| 22:03 | Create | Villager (Male) |
| 22:03 | Create | Villager (Male) |
| 22:03 | Create | Villager (Male) |
| 22:04 | Create | Villager (Male) |
| 22:19 | Create | Archer |
| 22:24 | Research | Horse Collar |
| 22:32 | Build | Town Center |
| 22:41 | Create | Eagle Scout |
| 22:50 | Research | Padded Archer Armor |
| 22:51 | Research | Scale Mail Armor |
| 23:12 | Build | Lumber Camp |
| 23:18 | Build | Farm |
| 23:20 | Build | Farm |
| 23:21 | Create | Villager (Male) |
| 23:22 | Create | Villager (Male) |
| 23:22 | Create | Villager (Male) |
| 23:51 | Build | Farm |
| 24:14 | Build | Farm |
| 24:27 | Research | Bodkin Arrow |
| 24:36 | Create | Villager (Male) |
| 24:38 | Build | Farm |
| 25:19 | Build | Farm |
| 25:21 | Create | Villager (Male) |
| 25:21 | Create | Villager (Male) |
| 25:25 | Build | University |
| 25:27 | Create | Villager (Male) |
| 27:06 | Build | Farm |
| 27:11 | Research | Ballistics |
| 27:13 | Research | Leather Archer Armor |
| 27:20 | Create | Archer ×5 |
| 27:20 | Create | Archer ×5 |
| 27:25 | Create | Villager (Male) |
| 27:25 | Create | Villager (Male) |
| 27:26 | Create | Villager (Male) |
| 27:26 | Create | Villager (Male) |
| 27:27 | Create | Villager (Male) |
| 27:30 | Research | Wheelbarrow |
| 28:18 | Research | Pikeman (upgrade) |
| 28:18 | Research | Squires |
| 28:23 | Build | Mining Camp |
| 28:26 | Build | Barracks |
| 28:27 | Build | Barracks |
| 28:28 | Build | Barracks |
| 28:36 | Create | Villager (Male) |
| 28:37 | Create | Villager (Male) |
| 28:42 | Create | Villager (Male) |
| 28:42 | Create | Villager (Male) |
| 29:09 | Create | Archer ×5 |
| 29:12 | Create | Archer ×5 |
| 29:25 | Create | Spearman ×4 |
| 29:29 | Build | House |
| 29:30 | Build | House |
| 29:31 | Build | House |
| 29:32 | Build | House |
| 29:37 | Build | Farm |
| 30:06 | Build | House |
| 30:07 | Build | House |
| 30:07 | Build | House |
| 30:08 | Build | House |
| 30:08 | Build | House |
| 30:09 | Build | House |
| 30:10 | Build | House |
| 30:10 | Build | House |
| 30:10 | Build | House |
| 30:12 | Build | House |
| 30:26 | Create | Villager (Male) ×5 |
| 30:41 | Create | Spearman ×5 |
Build order — Bel1cev
149 actions detected in the replay
| 0:07 | Create | Villager (Male) |
| 0:07 | Create | Villager (Male) |
| 0:08 | Create | Villager (Male) |
| 0:08 | Create | Villager (Male) |
| 0:10 | Build | House |
| 0:11 | Build | House |
| 0:12 | Build | House |
| 0:13 | Build | House |
| 1:33 | Create | Villager (Male) |
| 2:10 | Build | Lumber Camp |
| 2:13 | Create | Villager (Male) |
| 2:42 | Create | Villager (Male) |
| 2:42 | Create | Villager (Male) |
| 3:15 | Create | Villager (Male) |
| 3:50 | Create | Villager (Male) |
| 4:05 | Create | Villager (Male) |
| 4:16 | Create | Villager (Male) |
| 4:43 | Create | Villager (Male) |
| 5:17 | Create | Villager (Male) |
| 5:18 | Create | Villager (Male) |
| 5:38 | Create | Villager (Male) |
| 5:38 | Create | Villager (Male) |
| 5:39 | Create | Villager (Male) |
| 6:14 | Create | Villager (Male) |
| 7:49 | Create | Villager (Male) |
| 7:49 | Create | Villager (Male) |
| 7:53 | Create | Villager (Male) |
| 7:53 | Create | Villager (Male) |
| 8:34 | Build | House |
| 9:06 | Build | Mining Camp |
| 9:09 | Build | House |
| 9:41 | Build | House |
| 9:42 | Build | House |
| 9:59 | Research | Feudal Age |
| 10:39 | Build | Mill |
| 10:49 | Build | Barracks |
| 11:19 | Build | Farm |
| 11:20 | Build | Farm |
| 12:02 | Build | Farm |
| 12:05 | Build | Farm |
| 12:06 | Build | Farm |
| 12:09 | Age | Feudal Age |
| 12:10 | Build | Farm |
| 12:11 | Create | Villager (Male) |
| 12:11 | Create | Villager (Male) |
| 12:11 | Create | Villager (Male) |
| 12:12 | Create | Villager (Male) |
| 12:12 | Create | Villager (Male) |
| 12:12 | Create | Villager (Male) |
| 12:13 | Create | Villager (Male) |
| 12:13 | Create | Villager (Male) |
| 12:13 | Create | Villager (Male) |
| 12:19 | Build | Stable |
| 12:38 | Build | Farm |
| 12:40 | Research | Double-Bit Axe |
| 13:03 | Build | Farm |
| 13:36 | Build | Farm |
| 13:54 | Build | Farm |
| 14:24 | Build | Mining Camp |
| 14:25 | Create | Scout Cavalry |
| 14:25 | Create | Scout Cavalry |
| 14:26 | Create | Scout Cavalry |
| 14:26 | Create | Scout Cavalry |
| 14:26 | Create | Scout Cavalry |
| 14:32 | Build | Stable |
| 16:20 | Create | Scout Cavalry |
| 17:47 | Create | Scout Cavalry |
| 17:47 | Create | Scout Cavalry |
| 17:55 | Create | Villager (Male) |
| 17:55 | Create | Villager (Male) |
| 19:01 | Create | Villager (Male) |
| 19:01 | Create | Villager (Male) |
| 19:14 | Build | Blacksmith |
| 19:54 | Create | Villager (Male) |
| 20:34 | Create | Villager (Male) |
| 21:33 | Research | Castle Age |
| 22:23 | Build | Lumber Camp |
| 22:50 | Research | Scale Barding Armor |
| 23:09 | Build | Farm |
| 23:11 | Build | Farm |
| 23:13 | Build | Farm |
| 24:13 | Age | Castle Age |
| 24:15 | Build | Castle |
| 24:20 | Create | Villager (Male) |
| 24:21 | Create | Villager (Male) |
| 24:21 | Create | Villager (Male) |
| 24:21 | Create | Villager (Male) |
| 24:21 | Create | Villager (Male) |
| 24:21 | Create | Villager (Male) |
| 24:22 | Create | Villager (Male) |
| 24:22 | Create | Villager (Male) |
| 24:22 | Create | Villager (Male) |
| 24:30 | Build | Farm |
| 24:59 | Build | Farm |
| 25:19 | Build | Farm |
| 25:29 | Build | Farm |
| 26:38 | Build | Mining Camp |
| 26:41 | Create | Longbowman |
| 26:42 | Create | Longbowman |
| 26:42 | Create | Longbowman |
| 26:42 | Create | Longbowman |
| 26:42 | Create | Longbowman |
| 26:43 | Create | Longbowman |
| 26:57 | Create | Knight |
| 26:57 | Create | Knight |
| 26:58 | Create | Knight |
| 26:58 | Create | Knight |
| 27:45 | Research | Fletching |
| 28:33 | Create | Villager (Male) |
| 28:33 | Create | Villager (Male) |
| 28:33 | Create | Villager (Male) |
| 28:40 | Build | Farm |
| 28:58 | Build | Farm |
| 29:22 | Build | Town Center |
| 29:30 | Create | Villager (Male) |
| 29:30 | Create | Villager (Male) |
| 29:33 | Create | Longbowman |
| 29:33 | Create | Longbowman |
| 29:34 | Create | Longbowman |
| 29:34 | Create | Longbowman |
| 29:34 | Create | Longbowman |
| 29:35 | Create | Longbowman |
| 29:35 | Create | Longbowman |
| 29:42 | Build | University |
| 29:59 | Research | Padded Archer Armor |
| 30:07 | Build | Farm |
| 30:56 | Create | Longbowman |
| 30:57 | Research | Bodkin Arrow |
| 31:01 | Build | Farm |
| 31:02 | Build | Farm |
| 31:29 | Create | Villager (Male) |
| 31:29 | Create | Villager (Male) |
| 31:30 | Create | Villager (Male) |
| 31:33 | Create | Villager (Male) |
| 31:33 | Create | Villager (Male) |
| 31:34 | Create | Villager (Male) |
| 31:49 | Research | Ballistics |
| 32:19 | Build | Farm |
| 32:31 | Create | Longbowman |
| 32:31 | Create | Longbowman |
| 32:49 | Research | Gold Mining |
| 32:50 | Research | Stone Mining |
| 32:53 | Create | Villager (Male) |
| 32:54 | Create | Villager (Male) |
| 32:54 | Create | Villager (Male) |
| 33:01 | Build | Farm |
| 33:13 | Create | Villager (Male) |
| 34:30 | Build | Monastery |
| 34:39 | Research | Bow Saw |
Match timeline
| 9:14 | Akiditya · first_building Barracks |
| 10:20 | bad poetry, oh noetry! · first_building Barracks |
| 10:32 | K.T. · first_building Barracks |
| 10:49 | Bel1cev · first_building Barracks |
| 10:54 | Akiditya · first_building Stable |
| 11:13 | bad poetry, oh noetry! · age_up feudal |
| 11:38 | K.T. · age_up feudal |
| 11:41 | K.T. · first_building Archery Range |
| 11:41 | bad poetry, oh noetry! · first_building Archery Range |
| 12:09 | Bel1cev · age_up feudal |
| 12:19 | Bel1cev · first_building Stable |
| 17:58 | Akiditya · first_building Archery Range |
| 20:35 | K.T. · age_up castle |
| 24:13 | Bel1cev · age_up castle |
| 24:15 | Bel1cev · first_building Castle |
| 25:05 | bad poetry, oh noetry! · age_up castle |
| 28:49 | Akiditya · first_building Monastery |
| 29:12 | bad poetry, oh noetry! · first_building Castle |
| 30:41 | Akiditya · first_building Siege Workshop |
| 31:14 | K.T. · first_building Siege Workshop |
| 31:40 | bad poetry, oh noetry! · first_building Stable |
| 33:36 | bad poetry, oh noetry! · first_building Monastery |
| 34:22 | K.T. · first_building Castle |
| 34:30 | Bel1cev · first_building Monastery |
| 35:46 | Bel1cev · resign |
[ AI ANALYSIS · 1 CREDIT ]
What really happened in this match?
Wolo.gg analyzes every decision: build order, eco, micro, common mistakes by bracket. Personalized analysis on WhatsApp or Discord in 30 seconds.
Civ guide
Franks
Perfil
Jugador #2007121